 Dungeon Crawl Stone Soup version 0.29-a0-997-gf6f7e2dfe7 (webtiles) character file.

Game seed: 10030896590725375722

30163 Newt the Markskobold (level 13, 0/82 HPs)
             Began as a Kobold Arcane Marksman on Aug 4, 2022.
             Was an Initiate of Gozag.
             Slain by a white very ugly thing (64 damage)
             ... on level 2 of the Abyss.
             The game lasted 00:38:11 (13309 turns).

Newt the Markskobold (Kobold Arcane Marksman)      Turns: 13309, Time: 00:38:14

Health: 0/82       AC: 14    Str:  9    XL:     13   Next: 86%
Magic:  24/24      EV: 19    Int: 14    God:    Gozag
Gold:   1055       SH:  5    Dex: 25    Spells: 23/27 levels left

rFire   + + .      SeeInvis +   a - +6 sling
rCold   x . .      Faith    .   (no shield)
rNeg    . . .      Spirit   .   d - +3 salamander hide armour {Flames rF++ rC--}
rPois   .          Reflect  +   n - +0 helmet
rElec   +          Harm     .   (no cloak)
rCorr   .          Rampage  .   (no gloves)
Will    .....                   y - +2 pair of boots {Stlth+}
Stlth   ++++++....              L - amulet of Xeeg Ruq {Reflect rC+ SH+5 SInv}
HPRegen 0.23/turn               M - ring "Saphit" {rElec AC+4 Slay+2 SInv}
MPRegen 0.19/turn               j - +6 ring of dexterity

@: gold aura
A: small, no large weapons, nightstalker 3
a: Renounce Religion, Potion Petition, Call Merchant, Bribe Branch


You were on level 2 of the Abyss.
You worshipped Gozag.
Gozag was most pleased with you.
You visited 1 branch of the dungeon, and saw 12 of its levels.
You visited the Abyss 1 time.
You also visited: Bailey.

You collected 4554 gold pieces.
You spent 1738 gold pieces at shops.
You paid 1761 gold pieces to Gozag.

Inventory:

Hand Weapons
 a - a +6 sling (weapon)
Missiles
 u - 5 boomerangs of dispersal
 G - 2 throwing nets
Armour
 c - a +0 robe
 d - the +3 salamander hide armour (worn) {Flames rF++ rC--}
   (You bought it in a shop on level 5 of the Dungeon)

   It surrounds you with a cloud of flames.
   It grants immunity to clouds of flame.
   It enhances your fire magic.
   rF:        It greatly protects you from fire.
   rC:        It makes you very vulnerable to cold.
 n - a +0 helmet (worn)
 y - a +2 pair of boots of stealth (worn)
Jewellery
 e - a ring of see invisible
 h - an amulet of regeneration
 j - a +6 ring of dexterity (right hand)
 q - a ring of positive energy
 v - a ring of flight
 L - the amulet of Xeeg Ruq (around neck) {Reflect rC+ SH+5 SInv}
   (You acquired it on level 11 of the Dungeon)

   [amulet of reflection]

   It reflects blocked missile attacks.
   rC:        It protects you from cold.
   SInv:      It lets you see invisible.
   SH:        It affects your SH (+5).
 M - the ring "Saphit" (left hand) {rElec AC+4 Slay+2 SInv}
   (You bought it in a shop on level 10 of the Dungeon)

   [ring of protection]

   AC:        It affects your AC (+4).
   Slay:      It affects your accuracy & damage with ranged weapons and melee
   (+2).
   rElec:     It insulates you from electricity.
   SInv:      It lets you see invisible.
 R - a ring of protection from cold
Wands
 D - a wand of acid (3)
 J - a wand of iceblast (4)
 O - a wand of paralysis (3)
 Q - a wand of mindburst (2)
 S - a wand of polymorph (2)
Scrolls
 b - 2 scrolls of vulnerability
 g - a scroll of fear
 l - 2 scrolls of fog
 o - a scroll of teleportation
 p - 2 scrolls of amnesia
 r - a scroll of identify
 w - 3 scrolls of summoning
 E - 2 scrolls of enchant armour
 F - 2 scrolls of poison
 I - a scroll of blinking
 P - a scroll of immolation {unknown}
Potions
 f - 3 potions of attraction
 i - 4 potions of haste
 k - 3 potions of curing
 m - a potion of berserk rage
 s - a potion of lignification
 t - 4 potions of degeneration
 x - 2 potions of might
 A - 3 potions of brilliance
 B - a potion of magic
 C - 2 potions of cancellation
 H - 3 potions of ambrosia
 K - a potion of resistance
 N - 2 potions of flight


   Skills:
 + Level 10.1 Fighting
 * Level 16.6 Ranged Weapons
 + Level 3.0 Armour
 * Level 6.5 Dodging
 * Level 6.1 Stealth
 + Level 0.2 Shields
 * Level 7.7 Spellcasting
 * Level 8.1 Hexes
 * Level 4.9 Transmutations
 * Level 8.4 Fire Magic


You had 23 spell levels left.
You knew the following spells:

 Your Spells              Type           Power      Damage    Failure   Level
a - Slow                  Hex            100%       N/A       1%          1
b - Inner Flame           Hex/Fire       43%        N/A       1%          3

Your spell library contained the following spells:

 Spells                   Type           Power      Damage    Failure   Level
 Cause Fear               Hex            14%        N/A       6%          4
 Portal Projectile        Hex/Tloc       32%        N/A       10%         3
 Necrotise                Necr           20%        1d5       19%         1
 Blink                    Tloc           10%        N/A       26%         2
 Poisonous Vapours        Pois/Air       10%        N/A       26%         2
 Lesser Beckoning         Tloc           5%         N/A       47%         3
 Vampiric Draining        Necr           5%         2d6       47%         3
 Agony                    Necr           5%         N/A       99%         5
 Manifold Assault         Tloc           5%         N/A       99%         5
 Corpse Rot               Necr/Pois/Air  Unusable   N/A       N/A         4

Dungeon Overview and Level Annotations

Branches:
Dungeon (12/15)            Temple (0/1) D:5            Lair (0/5) D:8
    Orc (0/2) D:10         Bailey (visited)

Altars:
Ashenzari
Cheibriados
Elyvilon
Fedhas
Gozag
Kikubaaqudgha
Ru
Sif Muna
Trog
Vehumet
Wu Jian
Yredelemnul
Zin
The Shining One

Shops:
D:2 :*   D:5 *   D:9 :   D:10 =

Annotations:
D:5 1 runed translucent door


Innate Abilities, Weirdness & Mutations

You are small and have problems with some larger weapons.
You are completely attuned to the shadows.


Message History

Your Armour skill increases to level 3!
The green very ugly thing is engulfed in blazing flames.
The green very ugly thing is engulfed in blazing flames.
You shoot a sling bullet.
The sling bullet barely misses the green very ugly thing.
The sling bullet closely misses the white very ugly thing.
You hear a horrible gurgling sound!
The white very ugly thing is engulfed in blazing flames.
The green very ugly thing is engulfed in blazing flames.
The white ugly thing basks in the mutagenic energy from its kin and changes!
The green very ugly thing is engulfed in blazing flames.
The green very ugly thing is distracted by your dazzling golden aura.
The white very ugly thing is engulfed in blazing flames.
You shoot a sling bullet.
The green very ugly thing gurgles horribly!
The sling bullet hits the green very ugly thing.
The green very ugly thing is no longer distracted by gold.
The green very ugly thing is heavily wounded.
The white very ugly thing is engulfed in blazing flames.
You shoot a sling bullet.
The sling bullet hits the green very ugly thing!
The green very ugly thing is heavily wounded.
The white very ugly thing is engulfed in blazing flames.
The green very ugly thing attacks as you move away!
The green very ugly thing bites you but does no damage.
The white very ugly thing is engulfed in blazing flames.
The green very ugly thing is engulfed in blazing flames.
The green very ugly thing attacks as you move away!
The green very ugly thing bites you.
The white very ugly thing is engulfed in blazing flames.
The red ugly thing is engulfed in blazing flames.
The green very ugly thing is engulfed in blazing flames.
The green very ugly thing basks in the mutagenic energy from its kin and changes!
The white very ugly thing attacks as you move away!
The white very ugly thing tentacle-slaps you!
The white very ugly thing freezes you!!!
You feel a terrible chill!
Ouch! That really hurt!
You die...
Your body crumbles into a pile of gold.

#...$. ..#
#. . # #
##.......
. . #
##.....#.
... ...#
####...##
##. .
..#°.u4.#.
## .
....u....
# #.
...°☼u..#
.
...○u☼..#
.
..#☼@☼.##
.###○§##
.....
.......
........


You could see 3 very ugly things, a red ugly thing and an ice devil.

Vanquished Creatures
  Kirke (D:12)
  A very ugly thing (Abyss:2)
  3 hydras
  The ghost of kd29 the Martial Artist, a journeyman DsTm of Ru (D:11)
  A boulder beetle (D:11)
  7 two-headed ogres
  A tengu warrior (D:11)
  A deep elf pyromancer (D:12)
  4 manticores
  An orc knight (Bailey)
  A moth of wrath (D:11)
  A gargoyle (D:12)
  Psyche (D:10)
  4 kobold demonologists
  A komodo dragon (D:10)
  8 trolls
  3 hornets
  4 slime creatures
  Grinder (D:6)
  The ghost of logorrheac the Magician, an amateur GnWn (D:5)
  A shadow (D:10)
  Sigmund (D:6)
  2 vampires
  9 yaks
  5 wraiths
  3 wyverns (D:10)
  3 hogs (D:12)
  Grum (D:10)
  The ghost of Valamore the Magician, an amateur DjCj (D:3)
  2 steam dragons
  14 vampire mosquitoes
  A warg (D:10)
  3 acid dragons
  Duvessa (D:7)
  2 water moccasins
  2 ice beasts
  A sky beast (D:7)
  21 orc warriors
  4 wolves (D:10)
  9 centaurs
  An ogre (D:6)
  A bullfrog (D:8)
  6 kobold brigands
  A gnoll sergeant (D:7)
  A scorpion (D:4)
  6 wights
  Dowan (D:7)
  14 killer bees
  2 howler monkeys
  4 jellies
  2 quasits (D:3)
  8 orc priests
  A gnoll bouda (D:7)
  6 hounds
  7 iguanas
  10 orc wizards
  A boggart simulacrum (D:12)
  11 gnolls
  A river rat (D:5)
  5 adders
  3 white imps
  4 ufetubi
  64 orcs
  5 endoplasms
  4 giant cockroaches
  5 hobgoblins
  9 jackals
  2 quokkas
  7 ball pythons
  3 bats
  2 frilled lizards (D:1)
  4 goblins
  21 kobolds
  3 rats
357 creatures vanquished.

Vanquished Creatures (others)
  A white imp (D:6)
  15 fungi
  33 plants
49 creatures vanquished.

Grand Total: 406 creatures vanquished

Notes
Turn   | Place    | Note
-------+----------+-------------------------------------------
     0 | D:1      | Newt the Kobold Arcane Marksman began the quest for the
                  | Orb.
     0 | D:1      | Reached XP level 1. HP: 12/12 MP: 2/2
   654 | D:1      | Reached skill level 3 in Ranged Weapons
   654 | D:1      | Reached XP level 2. HP: 15/16 MP: 3/3
   706 | D:1      | You fall into a shaft and drop 1 floor!
  1025 | D:2      | Reached XP level 3. HP: 18/20 MP: 4/4
  1032 | D:2      | HP: 1/20 [endoplasm (2)]
  1081 | D:2      | Found Juxik's Assorted Antiques.
  1095 | D:2      | Reached skill level 4 in Ranged Weapons
  1116 | D:2      | Found Icaadel's Book Shoppe.
  1277 | D:2      | Reached XP level 4. HP: 25/25 MP: 5/5
  1344 | D:3      | Noticed Valamore's ghost (amateur DjCj)
  1373 | D:3      | Found a transporter.
  1399 | D:3      | Found a transporter.
  1475 | D:3      | Found a radiant altar of Vehumet.
  1690 | D:3      | Found a white marble altar of Elyvilon.
  1789 | D:3      | Reached skill level 5 in Ranged Weapons
  1789 | D:3      | Reached XP level 5. HP: 30/30 MP: 6/6
  2481 | D:3      | Found an opulent altar of Gozag.
  2487 | D:3      | Became a worshipper of Gozag Ym Sagoz the Greedy
  2531 | D:3      | Found a broken altar of Ashenzari.
  2880 | D:3      | Found a blossoming altar of Fedhas.
  2976 | D:4      | Found a snail-covered altar of Cheibriados.
  3152 | D:4      | Found a sacrificial altar of Ru.
  3195 | D:4      | Identified a scroll of acquirement
  3195 | D:4      | Acquired 1027 gold pieces
  3256 | D:4      | Found a shimmering blue altar of Sif Muna.
  3265 | D:5      | Entered Level 5 of the Dungeon
  3265 | D:5      | Noticed an ice beast
  3279 | D:5      | Bought the +3 salamander hide armour {Flames rF++ rC--} for
                  | 414 gold pieces
  3279 | D:5      | Found the +3 salamander hide armour {Flames rF++ rC--}
  3340 | D:4      | Reached XP level 6. HP: 35/35 MP: 7/7
  3345 | D:4      | Reached skill level 6 in Ranged Weapons
  3681 | D:3      | Killed Valamore's ghost
  3682 | D:3      | Reached skill level 7 in Ranged Weapons
  3682 | D:3      | Reached XP level 7. HP: 24/40 MP: 9/9
  4164 | D:5      | Found a staircase to the Ecumenical Temple.
  4171 | D:5      | Reached skill level 8 in Ranged Weapons
  4182 | D:5      | Reached skill level 1 in Armour
  4240 | D:5      | Reached XP level 8. HP: 46/46 MP: 10/10
  4328 | D:5      | Found an ancient bone altar of Kikubaaqudgha.
  4370 | D:5      | Reached skill level 9 in Ranged Weapons
  4400 | D:5      | Found a basalt altar of Yredelemnul.
  4433 | D:5      | Bought a scroll of identify for 24 gold pieces
  4433 | D:5      | Bought a potion of curing for 36 gold pieces
  4545 | D:5      | Bought a +0 pair of boots of stealth for 138 gold pieces
  4628 | D:5      | Found a runed translucent door.
  4651 | D:5      | Found a runed translucent door.
  4658 | D:5      | Noticed logorrheac's ghost (amateur GnWn)
  4668 | D:5      | Killed logorrheac's ghost
  4809 | D:6      | Noticed Grinder
  4831 | D:6      | Killed Grinder
  4832 | D:6      | Reached skill level 10 in Ranged Weapons
  4832 | D:6      | Reached skill level 1 in Stealth
  4832 | D:6      | Reached skill level 1 in Fire Magic
  5003 | D:6      | Reached XP level 9. HP: 52/52 MP: 12/12
  5025 | D:6      | Noticed Sigmund
  5040 | D:6      | Killed Sigmund
  5207 | D:6      | Reached skill level 11 in Ranged Weapons
  5525 | D:6      | Found a glowing golden altar of the Shining One.
  5866 | D:7      | Found a flagged portal.
  5873 | Bailey   | Entered a bailey
  6115 | Bailey   | Noticed an orc knight
  6156 | Bailey   | Reached skill level 5 in Fighting
  6257 | Bailey   | Killed an orc knight
  6258 | Bailey   | Reached skill level 12 in Ranged Weapons
  6258 | Bailey   | Reached XP level 10. HP: 59/59 MP: 15/15
  6264 | Bailey   | Reached skill level 5 in Hexes
  6424 | Bailey   | Acquired 510 gold pieces
  6454 | D:7      | Identified the +11 spear "Ukhlatoupn" {venom, rElec rPois}
  7322 | D:7      | Noticed Duvessa
  7322 | D:7      | Noticed Dowan
  7326 | D:7      | Killed Dowan
  7329 | D:7      | Killed Duvessa
  7624 | D:8      | Reached skill level 13 in Ranged Weapons
  7675 | D:8      | Found a staircase to the Lair.
  7683 | D:8      | Reached skill level 5 in Fire Magic
  7689 | D:8      | Learned a level 3 spell: Inner Flame
  7694 | D:8      | Reached skill level 5 in Spellcasting
  7981 | D:8      | Reached XP level 11. HP: 65/65 MP: 18/18
  8062 | D:8      | Found a glowing silver altar of Zin.
  8447 | D:9      | Noticed a two-headed ogre
  8455 | D:9      | Killed a two-headed ogre
  8589 | D:9      | Noticed a two-headed ogre
  8597 | D:9      | Killed a two-headed ogre
  8692 | D:9      | Reached skill level 14 in Ranged Weapons
  8895 | D:9      | Found Foxaun's Self-Improvement Boutique.
  9211 | D:10     | Entered Level 10 of the Dungeon
  9348 | D:10     | Noticed Psyche
  9356 | D:10     | Killed Psyche
  9565 | D:10     | Noticed a two-headed ogre
  9579 | D:10     | Killed a two-headed ogre
  9607 | D:10     | Found an ornate altar of the Wu Jian Council.
  9724 | D:10     | Noticed a two-headed ogre
  9735 | D:10     | Killed a two-headed ogre
  9770 | D:10     | Noticed Grum
  9780 | D:10     | Killed Grum
  9785 | D:10     | Reached skill level 1 in Transmutations
  9812 | D:10     | Found a staircase to the Orcish Mines.
  9876 | D:10     | Reached XP level 12. HP: 72/72 MP: 21/21
  9916 | D:10     | Noticed a seven-headed hydra
  9922 | D:10     | Killed a seven-headed hydra
 10032 | D:10     | Reached skill level 15 in Ranged Weapons
 10103 | D:10     | Noticed a two-headed ogre
 10114 | D:10     | Killed a two-headed ogre
 10472 | D:10     | Bought the ring "Saphit" {rElec AC+4 Slay+2 SInv} for 1126
                  | gold pieces
 10518 | D:11     | Found a transporter.
 10529 | D:11     | Noticed kd29's ghost (journeyman DsTm)
 10546 | D:11     | Noticed a tengu warrior
 10553 | D:11     | Found a bloodstained altar of Trog.
 10553 | D:11     | Found a transporter.
 10556 | D:11     | Killed a tengu warrior
 10579 | D:11     | Killed kd29's ghost
 10580 | D:11     | Reached skill level 5 in Dodging
 10815 | D:11     | Reached XP level 13. HP: 76/80 MP: 23/23
 11372 | D:11     | Acquired the amulet of Xeeg Ruq {Reflect rC+ SH+5 SInv}
 11392 | D:11     | Noticed a boulder beetle
 11419 | D:11     | Killed a boulder beetle
 11682 | D:12     | Reached skill level 16 in Ranged Weapons
 11698 | D:12     | Noticed Kirke
 11815 | D:12     | Killed Kirke
 11929 | D:12     | Reached skill level 5 in Stealth
 12496 | D:12     | Noticed a six-headed hydra
 12506 | D:12     | Killed a six-headed hydra
 12520 | D:12     | Noticed an eight-headed hydra
 12531 | D:12     | Killed an eight-headed hydra
 12532 | D:12     | Reached skill level 10 in Fighting
 12737 | D:12     | Noticed a boulder beetle
 12741 | D:12     | Noticed an ettin
 12741 | D:12     | a boulder beetle changed into an ettin
 13151 | D:12     | Noticed a centaur warrior
 13152 | Abyss:2  | Cast into level 2 of the Abyss (a wizard)
 13273 | Abyss:2  | Noticed a white very ugly thing
 13274 | Abyss:2  | Noticed a white very ugly thing
 13276 | Abyss:2  | Noticed a white very ugly thing
 13284 | Abyss:2  | Noticed a white very ugly thing
 13298 | Abyss:2  | Killed a green very ugly thing
 13309 | Abyss:2  | Slain by a white very ugly thing

Illustrated notes

Levels and vault maps discovered:
D:1:      saegor_arrival_simple_b, layout_basic, minmay_pentomino_r2
D:2:      layout_basic, serial_shops, shop, nicolae_shop_behind_doors,
          hellmonk_ecumenical_altar_run_dry, kennysheep_minor_cross
D:3:      layout_loops_ring, mainiacjoe_overflow_chevrons,
          lemuel_coloured_pillars_altar, mainiacjoe_overflow_cross_hatched,
          nicolae_overflow_hidden_temple, nicolae_elyvilon_peaceful_grove,
          gammafunk_ghost_stat_death
D:4:      layout_rooms, hangedman_ru_absence, general_overflow_altar,
          mainiacjoe_overflow_small_starburst
D:5:      minmay_bubble_buster, layout_rooms, kiku_gazebo_pond_becter,
          amcnicky_altar_gilded, minmay_temple_entry_proselytizer,
          ebering_ghost_sewer_f, dreamdust_gnoll_farm
D:6:      layout_cave_pods, nicolae_overflow_crystal_walls, lemuel_old_faithful,
          uniq_grinder, uniq_sigmund
D:7:      layout_cave_pods, enter_bailey_2, uniq_duvessa
D:8:      layout_cave_pools, mainiacjoe_overflow_alcove_1, lair_entry_dummy
D:9:      layout_basic, nicolae_shop_self_help
D:10:     nzn_winding_woodlands_three_and_one
          [nzn_winding_woodlands_5x15_sawtooth,
          nzn_winding_woodlands_5x15_zeroes, nzn_winding_woodlands_5x15_cabin,
          nzn_winding_woodlands_center_garden], layout_stronghold,
          pdpol_wu_jian_five_deadly_venoms, david_orc_3, centaur_isle,
          uniq_grum, uniq_psyche
D:11:     layout_stronghold, gammafunk_ghost_wrathful_warriors
D:12:     minmay_triangles_in_corner, layout_small_grid,
          chequers_serial_rivers_marsh, chequers_garden, uniq_kirke
Abyss:2:  base: D:1, hangedman_elemental_corridor

Skill      XL: |  1  2  3  4  5  6  7  8  9 10 11 12 13 |
---------------+----------------------------------------+-----
Ranged Weapons | 3 4 5 7 8 10 12 13 14 15 16 | 16.6
Dodging        | 3 4 5 6 |  6.5
Fighting       | 2 3 4 5 6 7 9 10 | 10.1
Armour         | 1 2 3 |  3.0
Stealth        | 1 3 6 |  6.1
Spellcasting   | 2 3 5 6 7 |  7.7
Fire Magic     | 1 3 5 6 7 8 |  8.4
Hexes          | 4 5 7 8 |  8.1
Transmutations | 1 3 4 |  4.9
Shields        | |  0.2

Action                   |  1- 3 |  4- 6 |  7- 9 | 10-12 | 13-15 || total
-------------------------+-------+-------+-------+-------+-------++-------
 Fire: Sling             |   100 |   250 |   383 |   630 |   256 ||  1619
 Cast: Slow              |     2 |    12 |    14 |     1 |     6 ||    35
       Inner Flame       |       |       |       |     6 |     3 ||     9
Invok: Call Merchant     |       |     1 |       |     1 |       ||     2
Evoke: Wand              |       |       |       |       |     2 ||     2
  Use: Scroll            |     6 |     9 |     5 |    15 |     5 ||    40
       Potion            |       |     2 |     1 |       |     2 ||     5
Armor: Robe              |     8 |    58 |       |       |       ||    66
       Leather armour    |       |    15 |    12 |    27 |    20 ||    74
Dodge: Dodged            |    78 |   306 |    69 |   112 |    47 ||   612
Block: Other             |       |       |       |       |     9 ||     9
       Reflection        |       |       |       |       |     2 ||     2

Table legend: (Time is in decaauts)
 A = Elapsed time spent in this place.
 B = Non-inter-level travel time spent in this place.
 C = Inter-level travel time spent in this place.
 D = Time resting spent in this place.
 E = Time spent auto-exploring this place.
 F = Levels seen in this place.
 G = Mean time per level.
                   A        B        C        D        E       F      G
               +--------+--------+--------+--------+--------+-----+--------+
         Total |  13172 |  12642 |    530 |   1526 |   8474 |  14 |  940.9 |
       Dungeon |  12459 |  11929 |    530 |   1374 |   8264 |  12 | 1038.2 |
         Abyss |    152 |    152 |      0 |    105 |      0 |   1 |  152.0 |
        Bailey |    560 |    560 |      0 |     47 |    210 |   1 |  560.0 |
               +--------+--------+--------+--------+--------+-----+--------+

Top non-repeatable levels by time:
     D:3: 2009 daAuts
    D:12: 1381 daAuts
    D:11: 1210 daAuts
    D:10: 1207 daAuts
     D:7: 1155 daAuts
     D:6: 1062 daAuts
     D:4: 896 daAuts
     D:9: 833 daAuts
     D:8: 718 daAuts
     D:1: 711 daAuts
     D:5: 684 daAuts
     D:2: 590 daAuts
  Bailey: 560 daAuts
 Abyss:2: 152 daAuts
